 Dungeon Crawl Stone Soup version 0.25-a0-731-g0472a16d6a (webtiles) character file.

Game seed: 7341973028684973258, levelgen mode: deterministic

9 BowlsofSteal the Insei (level 2, 0/18 HPs)
             Began as an Octopode Transmuter on Apr 8, 2020.
             Slain by a goblin
             ... wielding a cursed -2 dagger
              (2 damage)
             ... on level 1 of the Dungeon.
             The game lasted 00:00:47 (41 turns).

BowlsofSteal the Insei (Octopode Transmuter)          Turns: 41, Time: 00:00:47

Health: 0/18       AC:  1    Str:  9    XL:     2   Next: 16%
Magic:  5/5        EV: 13    Int: 15    God:
Gold:   0          SH:  0    Dex: 12    Spells: 4/5 levels left

rFire    . . .     SeeInvis .     - Unarmed
rCold    . . .     Gourm    .   (no shield)
rNeg     . . .     Faith    .   (helmet restricted)
rPois    .         Spirit   .   (no amulet)
rElec    .         Reflect  .   (no ring)
rCorr    .         Harm     .   (no ring)
MR       .....                  (no ring)
Stlth    ++........             (no ring)
HPRegen  0.06/turn              (no ring)
MPRegen  0.09/turn              (no ring)
                                (no ring)
                                (no ring)

@: no status effects
A: almost no armour, stealthy swim, amphibious, 8 rings, constrict 8, camouflage
1, gelatinous body 1
a: no special abilities


You were on level 1 of the Dungeon.
You were not hungry.

You visited 1 branch of the dungeon, and saw 1 of its levels.

Inventory:

Missiles
 a - 12 arrows
Comestibles
 c - a ration


   Skills:
 + Level 1.0 Fighting
 + Level 2.2 Dodging
 + Level 3.3 Unarmed Combat
 + Level 2.0 Spellcasting
 + Level 2.0 Transmutations


You had 4 spell levels left.
You knew the following spells:

 Your Spells              Type           Power        Failure   Level  Hunger
a - Beastly Appendage     Tmut           #.....       10%         1    #......

Your spell library contained the following spells:

 Spells                   Type           Power        Failure   Level  Hunger
 Sticks to Snakes         Tmut           #.......     14%         2    ###....
 Spider Form              Tmut/Pois      #.........   41%         3    ###....
 Ice Form                 Ice/Tmut       #.......     82%         4    #####..
 Blade Hands              Tmut           #.........   95%         5    ######.


Dungeon Overview and Level Annotations

Branches:
Dungeon (1/15)

Altars:


Innate Abilities, Weirdness & Mutations

You cannot wear most types of armour.
You are very stealthy in the water. (Stealth+)
You are amphibious.
You can wear up to eight rings at the same time.
You can use your tentacles to constrict eight enemies at once.
Your skin changes colour to match your surroundings (Stealth+).
Your rubbery body absorbs attacks. (AC +1, EV +1)


Message History

You tentacle-slap the hobgoblin.
The hobgoblin is severely wounded.
You constrict the hobgoblin, but do no damage.
The hobgoblin hits you with a +0 club. The hobgoblin closely misses you.
You release your grip on the hobgoblin.
The hobgoblin closely misses you.
You closely miss the hobgoblin. Your grab misses the hobgoblin.
The hobgoblin is severely wounded.
The goblin hits you. The hobgoblin misses you.
You barely miss the hobgoblin. You grab the hobgoblin.
The hobgoblin is severely wounded.
You constrict the hobgoblin.
You kill the hobgoblin!
The goblin hits you.
* * * LOW HITPOINT WARNING * * *
The hobgoblin barely misses you.
You tentacle-slap the goblin but do no damage.
Your grab misses the goblin. The goblin hits you.
* * * LOW HITPOINT WARNING * * *
The goblin hits you with a cursed -2 dagger.
You die...

###########
###.........#
..........<.#
####...%....+
#........#
#...#.g...#
#...###g@).#
#...# ##g###
...# #)# ..#
#.# .# ...
....# ......
........
##......#


You could see a hobgoblin and 2 goblins.

Vanquished Creatures
  A giant cockroach (D:1)
  2 goblins (D:1)
  3 hobgoblins (D:1)
  A frilled lizard (D:1)
  A kobold (D:1)
8 creatures vanquished.

Notes
Turn   | Place    | Note
-------+----------+-------------------------------------------
     0 | D:1      | BowlsofSteal the Octopode Transmuter began the quest for
                  | the Orb.
     0 | D:1      | Reached XP level 1. HP: 13/13 MP: 3/3
    31 | D:1      | Reached XP level 2. HP: 12/18 MP: 5/5
    41 | D:1      | Slain by a goblin

Levels and vault maps discovered:
D:1:      elethiomel_arrival_shortcut, layout_rooms

Action                   || total
-------------------------++-------
Melee: Unarmed           ||    19
       Constrict         ||     6
       Kick              ||     3
       Tentacles         ||     3
 Cast: Beastly Appendage ||     1
Armor: Skin              ||     2
Dodge: Dodged            ||    10

Table legend:
 A = Non-vault XP
 B = Vault XP
 C = Vault XP percentage of total XP
 D = Non-vault monster count
 E = Vault monster count
 F = Vault count percentage of total count
                 A         B        C        D         E       F
            +---------+---------+-------+---------+---------+-------
      Total |      14 |       0 |   0.0 |       8 |       0 |   0.0
            +---------+---------+-------+---------+---------+-------
        D:1 |      14 |       0 |   0.0 |       8 |       0 |   0.0
            +---------+---------+-------+---------+---------+-------
